 Dungeon Crawl Stone Soup version 0.22-a0-458-gb446440 (webtiles) character file.

10527 xccam the Transmogrifier (level 11, -10/92 HPs)
             Began as a Yellow Draconian Transmuter on June 8, 2018.
             Was an Elder of Qazlal.
             Mangled by an eight-headed hydra (13 damage)
             ... on level 1 of the Lair of Beasts.
             The game lasted 00:26:08 (13388 turns).

xccam the Transmogrifier (DrTm)                    Turns: 13388, Time: 00:26:08

Health: -10/92     AC: 10    Str: 14    XL:     11   Next: 37%
Magic:  17/17      EV: 15    Int: 19    God:    Qazlal [****..]
Gold:   444        SH:  5    Dex: 11    Spells: 6/14 levels left

rFire    . . .     SeeInvis +     - Unarmed
rCold    + . .     Gourm    .   (no shield)
rNeg     + . .     Faith    .   (armour unavailable)
rPois    .         Spirit   .   (helmet restricted)
rElec    .         Reflect  .   t - +0 cloak
rCorr    +         Harm     .   u - +0 pair of gloves
MR       .....                  B - +0 pair of boots
Stlth    +.........             p - amulet of Duidwuzi {Acrobat rC+ Int+3}
HPRegen  0.25/turn              b - ring of see invisible
MPRegen  0.15/turn              n - ring of positive energy

@: about to teleport, repel missiles
A: spit acid, acid resistance, unfitting armour, cold-blooded, AC +7
a: Breathe Acid, Upheaval, Elemental Force, Renounce Religion


You were on level 1 of the Lair of Beasts.
You worshipped Qazlal.
Qazlal was greatly pleased with you.
You were hungry.

You visited 2 branches of the dungeon, and saw 12 of its levels.

You collected 528 gold pieces.
You spent 84 gold pieces at shops.

Inventory:

Missiles
 a - 209 arrows
Armour
 t - a +0 cloak (worn)
 u - a +0 pair of gloves (worn)
 z - a +0 shield
 B - a +0 pair of boots (worn)
Jewellery
 b - a ring of see invisible (left hand)
 n - a ring of positive energy (right hand)
 o - an uncursed ring of fire
 p - the amulet of Duidwuzi (around neck) {Acrobat rC+ Int+3}
   (You took it off a centaur on level 5 of the Dungeon)

   [amulet of the acrobat]

   It helps you evade while moving and waiting.
   It affects your intelligence (+3).
   It protects you from cold.
 A - the amulet of Ephemeral Luck {Harm *Drain SInv, unknown}
   (You found it on level 10 of the Dungeon)

   [amulet of harm]

   It increases damage dealt and taken.
   It lets you see invisible.
   It causes draining when unequipped.
Wands
 r - a wand of polymorph (32)
 v - a wand of flame (19)
 C - a wand of paralysis (11)
 E - a wand of enslavement (20)
Scrolls
 h - 2 scrolls of fog
 j - 4 scrolls of remove curse
 k - 3 scrolls of magic mapping
 m - a scroll of fear
 q - 5 scrolls of amnesia
 s - 2 scrolls of blinking
 w - 3 scrolls of teleportation
 y - a scroll of immolation
Potions
 d - 3 potions of brilliance
 e - 5 potions of flight
 f - 3 potions of might
 g - a potion of resistance
 i - 2 potions of curing
 l - 2 potions of agility
 x - a potion of berserk rage
Comestibles
 c - 15 rations


   Skills:
 + Level 7.4 Fighting
 + Level 6.4 Dodging
 + Level 9.2 Unarmed Combat
 - Level 2.0 Spellcasting
 + Level 10.5 Transmutations
 - Level 8.0 Invocations
 + Level 0.2 Evocations


You had 6 spell levels left.
You knew the following spells:

 Your Spells              Type           Power        Failure   Level  Hunger
a - Beastly Appendage     Tmut           #####.       1%          1    #......
b - Sticks to Snakes      Tmut           #####...     1%          2    ###....
c - Blade Hands           Tmut           #####.....   6%          5    ######.

Your spell library contained the following spells:

 Spells                   Type           Power        Failure   Level  Hunger
 Confuse                  Hex            #.......     45%         3    ###....
 Spider Form              Tmut/Pois      ###.......   6%          3    ###....
 Ice Form                 Ice/Tmut       ###.....     19%         4    #####..
 Confusing Touch          Hex            #.....       17%         1    #......
 Metabolic Englaciation   Hex/Ice        #.........   99%         5    ######.
 Petrify                  Tmut/Erth      ###.....     19%         4    #####..
 Gell's Gravitas          Tloc           #.........   45%         3    ###....
 Yara's Violent Unravell  Hex/Tmut       ###.......   47%         5    ######.


Dungeon Overview and Level Annotations

Branches:
Dungeon (11/15)            Temple (0/1) D:5            Lair (1/6) D:8
    Orc (0/2) D:10

Altars:
Ashenzari
Elyvilon
Fedhas
Makhleb
Okawaru
Qazlal
Ru
Uskayaw
Wu Jian
Xom
The Shining One

Shops:
D:6 [


Innate Abilities, Weirdness & Mutations

You can spit globs of acid.
You are resistant to acid.
Your golden yellow scales are hard. (AC +7)
You cannot fit into any form of body armour.
You are cold-blooded and may be slowed by cold attacks.


Message History

All of the chunks of flesh in your inventory have rotted away.
Magic restored.
You start resting.
You are feeling hungry.
You start resting.
You hear a roar!
The eight-headed hydra is too close now for your liking.
As you read the scroll of teleportation, it crumbles to dust.
You feel strangely unstable.
The eight-headed hydra roars!
The eight-headed hydra is engulfed in freezing vapours.
The eight-headed hydra bites you. The eight-headed hydra bites you!
* * * LOW HITPOINT WARNING * * *
The eight-headed hydra bites you but does no damage.
The eight-headed hydra bites you!
* * * LOW HITPOINT WARNING * * *
The eight-headed hydra bites you.
* * * LOW HITPOINT WARNING * * *
The eight-headed hydra bites you!
You die...

# ..
#P+
#..###
..
#...@#
#.#
#..D##
.(###
###.
#.#.##
#.
.....##
##
......#
.....#
.....#
...).#


You could see an eight-headed hydra.

Vanquished Creatures
  A hydra (D:11)
  A two-headed ogre (D:11)
  The ghost of Tovarisch the Insei, a novice GnTm of Cheibriados (D:7)
  An ugly thing (D:11)
  A manticore (D:9)
  A cyclops (D:11)
  Maurice (D:9)
  A centaur skeleton (D:10)
  A spiny frog (Lair:1)
  Prince Ribbit (D:9)
  The ghost of gmonis the Magician, an amateur DrWz (D:4)
  2 hippogriffs
  A spriggan (D:8)
  A shadow (D:11)
  4 yaks (D:10)
  Menkaure (D:6)
  3 water moccasins
  The ghost of Galder the Magician, an amateur DEWz (D:5)
  An ice beast (D:6)
  6 orc warriors
  2 necrophages (D:10)
  A black bear (D:11)
  A sky beast (D:5)
  5 ogres
  A phantom (D:5)
  6 centaurs
  A crocodile (Lair:1)
  A big kobold (D:10)
  2 bullfrogs (D:8)
  7 scorpions
  7 wights
  3 howler monkeys
  7 crimson imps
  A centaur zombie (D:4)
  A bullfrog skeleton (D:6)
  4 orc priests
  3 hounds
  A jelly (D:7)
  14 orc wizards
  5 iguanas
  6 worker ants
  2 hound skeletons
  A howler monkey zombie (D:3)
  13 adders
  2 shadow imps
  An adder skeleton (D:7)
  2 worms
  2 dart slugs
  6 leopard geckos
  48 orcs
  14 bats
  8 giant cockroaches
  2 goblins (D:1)
  3 hobgoblins
  2 jackals (D:10)
  14 kobolds
  3 quokkas
  A ball python (D:2)
  5 frilled lizards
  A quokka skeleton (D:5)
  4 rats
244 creatures vanquished.

Vanquished Creatures (collateral kills)
  An ogre (D:3)
  A bullfrog (D:6)
2 creatures vanquished.

Vanquished Creatures (others)
  7 fungi (D:5)
  2 plants
9 creatures vanquished.

Grand Total: 255 creatures vanquished

Notes
Turn   | Place    | Note
-------+----------+-------------------------------------------
     0 | D:1      | xccam the Draconian Transmuter began the quest for the Orb.
     0 | D:1      | Reached XP level 1. HP: 16/16 MP: 3/3
   267 | D:1      | Reached XP level 2. HP: 16/23 MP: 5/5
   949 | D:2      | Reached XP level 3. HP: 19/28 MP: 6/6
   974 | D:2      | Learned a level 2 spell: Sticks to Snakes
  1280 | D:2      | Found a stormy altar of Qazlal.
  1287 | D:2      | Became a worshipper of Qazlal Stormbringer
  1394 | D:2      | Reached XP level 4. HP: 19/35 MP: 7/7
  1403 | D:2      | Reached skill level 5 in Unarmed Combat
  1638 | D:2      | Found a sacrificial altar of Ru.
  2363 | D:3      | Noticed an ogre
  2375 | D:3      | Killed an ogre
  2375 | D:3      | Reached XP level 5. HP: 21/40 MP: 1/8
  2501 | D:3      | Reached skill level 3 in Transmutations
  3197 | D:3      | Reached XP level 6. HP: 27/47 MP: 9/9
  3329 | D:4      | Found a blossoming altar of Fedhas.
  3632 | D:4      | Reached skill level 4 in Transmutations
  3884 | D:4      | Found a glowing golden altar of the Shining One.
  3943 | D:4      | Reached skill level 5 in Transmutations
  4138 | D:4      | Your scales start taking on a golden yellow colour.
  4138 | D:4      | Reached XP level 7. HP: 30/52 MP: 10/10
  4145 | D:4      | Noticed gmonis's ghost (amateur DrWz)
  4147 | D:4      | Reached skill level 1 in Invocations
  4156 | D:5      | Entered Level 5 of the Dungeon
  4367 | D:4      | Reached * piety under Qazlal
  4555 | D:4      | Killed gmonis's ghost
  4555 | D:4      | Reached skill level 6 in Transmutations
  4722 | D:5      | HP: 2/52 [ogre/giant club (14)]
  5093 | D:5      | Got a vibrating brass amulet
  5245 | D:5      | Identified the amulet of Duidwuzi {Acrobat rC+ Int+3} (You took it off a centaur on level 5 of the Dungeon)
  5390 | D:5      | Reached skill level 7 in Transmutations
  5390 | D:5      | Reached XP level 8. HP: 41/59 MP: 11/11
  5417 | D:5      | Found an ornate altar of the Wu Jian Council.
  5502 | D:5      | Noticed Galder's ghost (amateur DEWz)
  5514 | D:5      | Killed Galder's ghost
  5763 | D:5      | Reached skill level 8 in Transmutations
  6025 | D:5      | Reached skill level 5 in Invocations
  6334 | D:5      | Found the +7 Singing Sword
  6446 | D:5      | Found a staircase to the Ecumenical Temple.
  6875 | D:5      | Learned a level 5 spell: Blade Hands
  7192 | D:6      | Found Fosyv's Armour Boutique.
  7198 | D:6      | Bought a +0 cloak for 63 gold pieces
  7198 | D:6      | Bought a cursed +0 pair of gloves for 21 gold pieces
  7732 | D:5      | Reached ** piety under Qazlal
  8059 | D:6      | Reached XP level 9. HP: 39/64 MP: 14/14
  8756 | D:6      | Noticed Menkaure
  8761 | D:6      | Killed Menkaure
  8908 | D:6      | Found a hide-covered altar of Uskayaw.
  8914 | D:6      | Found a burning altar of Makhleb.
  8914 | D:6      | Found a white marble altar of Elyvilon.
  8915 | D:6      | Found a shimmering altar of Xom.
  8915 | D:6      | Found an iron altar of Okawaru.
  8916 | D:6      | Found a shattered altar of Ashenzari.
  9358 | D:7      | Noticed Tovarisch's ghost (novice GnTm)
  9529 | D:7      | Killed Tovarisch's ghost
  9887 | D:7      | Reached skill level 9 in Transmutations
 10457 | D:8      | Reached XP level 10. HP: 80/80 MP: 10/16
 10631 | D:8      | Reached *** piety under Qazlal
 10811 | D:8      | Found a staircase to the Lair.
 11076 | D:9      | Noticed Prince Ribbit
 11109 | D:9      | Killed Prince Ribbit
 11173 | D:9      | Noticed Maurice
 11175 | D:9      | Paralysed by Maurice for 7 turns
 11186 | D:9      | Killed Maurice
 11186 | D:9      | Reached skill level 5 in Fighting
 11228 | D:9      | Noticed a manticore
 11246 | D:9      | Killed a manticore
 11840 | D:10     | Entered Level 10 of the Dungeon
 11840 | D:10     | Found a staircase to the Orcish Mines.
 11964 | D:10     | Reached skill level 5 in Dodging
 12075 | D:10     | Got a slimy jade amulet
 12377 | D:10     | Reached **** piety under Qazlal
 12578 | D:11     | Noticed a two-headed ogre
 12584 | D:11     | Killed a two-headed ogre
 12584 | D:11     | Reached skill level 10 in Transmutations
 12609 | D:11     | Reached XP level 11. HP: 71/90 MP: 15/17
 12725 | D:11     | Noticed a purple ugly thing
 12745 | D:11     | Noticed a six-headed hydra
 12749 | D:11     | Killed a purple ugly thing
 12753 | D:11     | Killed a six-headed hydra
 13018 | D:11     | Noticed a stone giant
 13218 | Lair:1   | Entered Level 1 of the Lair of Beasts
 13279 | Lair:1   | Noticed an eight-headed hydra
 13388 | Lair:1   | HP: 3/92 [eight-headed hydra (2)]
 13388 | Lair:1   | Mangled by an eight-headed hydra

Vault maps used:
D:1:      minmay_arrival_four_houses
D:2:      overflow_temple_1_default, first_ration, nicolae_ru_awakened_eye
D:4:      tso_oasis_becter, grunt_ministairs_3, fedhas_bush_and_centaur_altar
D:5:      old_forge, lemuel_round_altar, minmay_temple_entry_statues,
          nicolae_sextant
D:6:      minitemple, serial_shops, nicolae_shop_trees, uniq_menkaure
D:8:      lair_entry_dummy, the_bakery
D:9:      uniq_maurice, uniq_prince_ribbit1
D:10:     orc_0_dummy
D:11:     wad_statue_garden, basic_altar, grunt_ministairs_14
Lair:1:   minmay_lair_oklob_chamber

Skill      XL: |  1  2  3  4  5  6  7  8  9 10 11 |
---------------+----------------------------------+-----
Unarmed Combat | 4 6 7 8 9 |  9.2
Transmutations | 3 5 7 8 9 10 | 10.5
Invocations    | 3 7 8 |  8.0
Dodging        | 4 5 6 |  6.4
Fighting       | 4 6 7 |  7.4
Spellcasting   | |  2.0
Evocations     | |  0.2

Action                   |  1- 3 |  4- 6 |  7- 9 | 10-12 || total
-------------------------+-------+-------+-------+-------++-------
Melee: Unarmed           |   172 |   186 |   455 |   309 ||  1122
       Tailslap          |    18 |    15 |    51 |    30 ||   114
       Punch             |     1 |     5 |    10 |     8 ||    24
       Kick              |       |     4 |     5 |       ||     9
       Headbutt          |       |     2 |     1 |       ||     3
 Cast: Beastly Appendage |       |     5 |     5 |       ||    10
       Sticks to Snakes  |       |     3 |     5 |     1 ||     9
       Blade Hands       |       |       |     4 |    12 ||    16
 Abil: Breathe Acid      |       |       |    23 |     9 ||    32
Evoke: Wand              |       |       |     1 |     4 ||     5
       Phantom mirror    |       |       |       |     1 ||     1
  Use: Potion            |     3 |     1 |     2 |     2 ||     8
       Scroll            |       |       |    13 |     5 ||    18
 Stab: Sleeping          |     2 |     1 |       |       ||     3
       Distracted        |       |     1 |       |       ||     1
  Eat: Chunk             |     2 |     8 |    17 |    15 ||    42
       Ration            |       |       |     3 |       ||     3
Armor: Skin              |    63 |    40 |   131 |    66 ||   300
Dodge: Dodged            |   134 |   101 |   222 |   180 ||   637
       Deflected         |       |       |       |     2 ||     2
Block: Other             |       |       |    33 |    41 ||    74

Table legend:
 A = Spawn XP
 B = Non-spawn XP
 C = Spawn XP percentage of total XP
 D = Spawn monster count
 E = Non-spawn monster count
 F = Spawn count percentage of total count
 G = Total turns spent on level
                    A         B        C        D         E        F      G
               +---------+---------+-------+---------+---------+-------+---------
         Total |       0 |   15039 |   0.0 |       0 |     246 |   0.0 | 13388
               +---------+---------+-------+---------+---------+-------+---------
           D:1 |       0 |      22 |   0.0 |       0 |      13 |   0.0 |   862
           D:2 |       0 |      91 |   0.0 |       0 |      19 |   0.0 |  1003
           D:3 |       0 |     272 |   0.0 |       0 |      25 |   0.0 |  1662
           D:4 |       0 |     699 |   0.0 |       0 |      19 |   0.0 |   986
           D:5 |       0 |    1111 |   0.0 |       0 |      38 |   0.0 |  2822
           D:6 |       0 |    1309 |   0.0 |       0 |      21 |   0.0 |  2068
           D:7 |       0 |    2006 |   0.0 |       0 |      22 |   0.0 |  1052
           D:8 |       0 |     881 |   0.0 |       0 |      17 |   0.0 |   589
           D:9 |       0 |    1424 |   0.0 |       0 |       7 |   0.0 |   850
          D:10 |       0 |    2287 |   0.0 |       0 |      34 |   0.0 |   999
          D:11 |       0 |    4144 |   0.0 |       0 |      27 |   0.0 |   325
        Lair:1 |       0 |     793 |   0.0 |       0 |       4 |   0.0 |   170
               +---------+---------+-------+---------+---------+-------+---------
